 Dungeon Sprint DCSS version 0.13-a0-2484-gc765b08 (webtiles) character file.

883 Rycklaryybbe the Imperceptible (level 7, -18/34 HPs)
             Began as a Spriggan Assassin on July 20, 2013.
             Demolished by an elephant slug (37 damage)
             ... in the Dungeon (Sprint I: "Red Sonja").
             The game lasted 00:01:40 (360 turns).

Rycklaryybbe the Imperceptible (Spriggan Assassin)   Turns: 360, Time: 00:01:40

HP -18/34        AC  2     Str  7      XL: 7   Next: 32%
MP  13/13        EV 17     Int 13      God:
Gold 212         SH  0     Dex 19      Spells:  0 memorised,  6 levels left

Res.Fire  : . . .   See Invis. : +   a - +2,+1 dagger {=f}
Res.Cold  : . . .   Warding    : .   c - -1 robe
Life Prot.: . . .   Conserve   : .   (shield restricted)
Res.Poison: .       Res.Corr.  : .   (helmet restricted)
Res.Elec. : .       Clarity    : .   d - +0 cloak
Sust.Abil.: . .     Spirit.Shd : .   (gloves unavailable)
Res.Mut.  : .       Prev.Telep.: +   (boots unavailable)
Res.Rott. : .       Flight     : .   (no amulet)
Saprovore : . . .                    (no ring)
                                     (no ring)

@: very quick, somewhat resistant to hostile enchantments, incredibly stealthy
A: unfitting armour, see invisible, herbivore 3, speed 3, slow metabolism 2
a: no special abilities


You were in the Dungeon.
You were not hungry.

You visited 1 branch You collected 162 gold pieces.

Inventory:

Hand weapons
 a - a +2,+1 dagger (weapon) {=f}
 b - a +0 blowgun
Missiles
 e - 8 poisoned needles
 f - 2 curare-tipped needles
Armour
 c - a -1 robe (worn)
 d - a +0 cloak (worn)
Magical devices
 n - a wand of confusion (12) {unknown}
Scrolls
 m - a scroll of blinking
Potions
 g - a potion of porridge
 h - a potion of curing
 j - a potion of speed
 k - 2 potions of magic
 o - a potion of might {unknown}


   Skills:
 - Level 1.5 Fighting
 - Level 2.1 Short Blades
 - Level 2.1 Throwing
 - Level 1.5 Dodging
 + Level 22.1 Stealth


You had 6 spell levels left.
You didn't know any spells.

Dungeon Overview and Level Annotations

Branches:
Dungeon (1/1)

Altars:
Ashenzari
Kikubaaqudgha
Sif Muna
Xom
Yredelemnul
Zin
the Shining One

Shops:
D: ?


Innate Abilities, Weirdness & Mutations

You are tiny and cannot use many weapons and most armour.
You have supernaturally acute eyesight.
You are a herbivore.
You cover ground extremely quickly.
You need consume almost no food.


Message History

You hit the jelly.
The jelly is almost dead.
You hit the jelly.
The jelly is almost dead.
The jelly misses you.
You hit the jelly.
The acid corrodes your +2,+2 dagger {=f}!
You kill the jelly!
There is an open door here.
There is a shattered altar of Ashenzari here.
You open the door.
An elephant slug comes into view.
Found Twogirim's Magic Scroll Emporium.
Found four altars.
There is an open door here.
The helpless elephant slug fails to defend itself.
You skewer the elephant slug like a kebab!!!!
The elephant slug is almost dead.
The elephant slug bites you!
Ouch! That really hurt!
You die...

###################
#<<#..%..#.)'..#__#
#<.'..#.)'..#..'..+
#..#####'#####'#__#
#..# #..# #.####
#..#_.#### ##.#
#..#.....##+#..+
#⌠⌠#_.∩..j@..._#
####.....##_.#+#
#_._. ##+# ####


You could see an elephant slug.

Vanquished Creatures
  A giant amoeba (D)
  An ogre (D)
  Sigmund (D)
  Ijyb (D)
  A jelly (D)
5 creatures vanquished.

Notes
Turn   | Place    | Note
--------------------------------------------------------------
     0 | D        | Rycklaryybbe, the Spriggan Assassin, began the quest for the Orb.
     0 | D        | Reached XP level 1. HP: 10/10 MP: 1/1
     3 | D        | Noticed Ijyb
     5 | D        | Killed Ijyb
     5 | D        | Reached skill level 9 in Stealth
     5 | D        | Reached XP level 2. HP: 14/14 MP: 3/3
     8 | D        | Noticed an ogre
    10 | D        | Killed an ogre
    10 | D        | Reached skill level 14 in Stealth
    10 | D        | Reached XP level 3. HP: 18/18 MP: 5/5
    10 | D        | Reached XP level 4. HP: 22/22 MP: 7/7
    19 | D        | Noticed Sigmund
    22 | D        | Killed Sigmund
    22 | D        | Reached skill level 16 in Stealth
    22 | D        | Reached XP level 5. HP: 25/25 MP: 9/9
    31 | D        | Found a glowing silver altar of Zin.
    31 | D        | Found a glowing golden altar of the Shining One.
    31 | D        | Noticed a giant amoeba
    32 | D        | Found a glowing golden altar of the Shining One.
    32 | D        | Found a deep blue altar of Sif Muna.
    63 | D        | Killed a giant amoeba
    63 | D        | Reached skill level 22 in Stealth
    63 | D        | Reached XP level 6. HP: 8/30 MP: 11/11
    63 | D        | Reached XP level 7. HP: 9/34 MP: 13/13
   324 | D        | Found a shattered altar of Ashenzari.
   326 | D        | Found a glowing silver altar of Zin.
   358 | D        | Found an ancient bone altar of Kikubaaqudgha.
   358 | D        | Found a basalt altar of Yredelemnul.
   358 | D        | Found Twogirim's Magic Scroll Emporium.
   358 | D        | Found a deep blue altar of Sif Muna.
   358 | D        | Found a shimmering altar of Xom.
   358 | D        | Noticed an elephant slug
   360 | D        | Demolished by an elephant slug

Action                   |  1- 3 |  4- 6 |  7- 9 || total
-------------------------+-------+-------+-------++-------
Melee: Dagger            |     2 |    14 |    13 ||    29
 Fire: Blowgun           |       |     1 |       ||     1
  Use: Potion            |       |     2 |       ||     2
 Stab: Sleeping          |     2 |     1 |     1 ||     4
